Map: 2000 Atmospheres LE

Players

Osiris

  • Race: Terran Terran
  • League: Master

Bufalusking - Winner!

  • Race: Protoss Protoss
  • League: Diamond

VOD

Have the link to the VOD?

Description

Time

  • Played on: May 6, 2021, 6:08 p.m.
  • Length: 16:39
Show
View Real Time Build Order
Export as new Build Order

Osiris Terran 

Build Orders: Reaper Expand 

Get SALT Encoding   

  12  0:00  SCV  
  13  0:12  SCV  
  14  0:17  Supply Depot  
  14  0:24  SCV  
  15  0:38  SCV  
  15  0:39  Barracks  
  16  0:43  Refinery  
  16  0:50  SCV  
  17  1:02  SCV  
  18  1:15  SCV  
  19  1:27  Orbital Command, Reaper  
  20  1:49  Supply Depot  
  20  1:51  Command Center  
  21  1:54  SCV  
  21  1:58  Marine  
  22  2:06  SCV  
  23  2:18  Refinery, SCV  
  23  2:19  Factory  
  24  2:25  Barracks Reactor  
  24  2:30  SCV  
  24  2:42  SCV  
  25  2:54  SCV  
  26  3:01  Marine x2  
  26  3:02  Factory Tech Lab  
  26  3:03  Starport, Orbital Command  
  28  3:06  SCV  
  29  3:19  Marine x2, SCV  
  32  3:22  Siege Tank  
  35  3:31  SCV  
  36  3:43  Viking  
  36  3:44  Marine x2  
  36  3:47  SCV  
  41  3:52  Supply Depot  
  41  3:56  Cyclone  
  41  3:57  SCV  
  41  4:01  Marine  
  46  4:13  SCV  
  46  4:14  Marine  
  47  4:20  SCV  
  47  4:22  Supply Depot  
  48  4:24  Viking  
  48  4:25  Orbital Command  
  48  4:28  Cyclone  
  53  4:35  SCV  
  54  4:40  Command Center  
  54  4:43  Marine x2  
  56  4:52  SCV x2  
  58  5:03  Marine x2  
  60  5:07  Cyclone  
  61  5:23  SCV  
  61  5:28  Supply Depot  
  62  5:29  Starport Tech Lab  
  62  5:42  Supply Depot  
  62  5:47  Barracks  
  62  5:48  Refinery, Barracks, Engineering Bay  
  62  5:49  Engineering Bay, SCV x2  
  64  5:57  Refinery  
  64  5:59  Marine x2  
  64  6:01  SCV x2  
  68  6:11  Orbital Command  
  68  6:13  SCV  
  68  6:16  Terran Infantry Armor Level 1, Terran Infantry Weapons Level 1  
  69  6:22  Marine  
  69  6:23  Marine  
  69  6:24  SCV  
  72  6:33  Stimpack  
  72  6:34  Marine  
  72  6:37  SCV  
  74  6:46  Marine x2  
  76  6:47  Combat Shield, Marine  
  76  6:48  Starport Reactor  
  76  6:49  SCV, Factory Reactor  
  76  6:50  SCV  
  79  6:54  Supply Depot  
  79  6:55  Supply Depot  
  79  6:59  Marauder  
  79  7:00  SCV  
  82  7:03  SCV  
  83  7:10  SCV  
  83  7:12  Bunker  
  83  7:13  Marauder, Marine x2  
  83  7:15  Armory  
  88  7:17  Supply Depot  
  88  7:19  SCV  
  88  7:20  Supply Depot, SCV  
  92  7:23  Marauder  
  92  7:25  SCV  
  92  7:28  Medivac  
  92  7:29  Medivac  
  97  7:31  SCV  
  92  8:05  Missile Turret  
  92  8:07  SCV x2  
  92  8:08  Barracks, Marauder x2  
  92  8:10  Barracks  
  98  8:18  Widow Mine x2, Liberator  
  98  8:19  Marine x2, Liberator  
  110  8:24  Ghost Academy  
  110  8:28  Terran Infantry Weapons Level 2  
  110  8:35  Marauder  
  112  8:43  Terran Infantry Armor Level 2  
  112  8:47  Widow Mine, Marine x2  
  116  8:51  Orbital Command  
  116  8:52  SCV  
  117  8:58  Refinery  
  117  9:10  Marauder  
  117  9:11  Marine x2, Barracks Reactor, Marauder, Barracks Tech Lab  
  117  9:13  Widow Mine  
  125  9:19  Supply Depot  
  125  9:30  Enhanced Shockwaves  
  125  9:38  Refinery  
  125  9:41  Widow Mine, SCV  
  125  9:43  Supply Depot  
  126  9:49  SCV x2  
  128  9:53  SCV  
  128  9:59  Ghost x2  
  133  10:07  SCV x2  
  133  10:10  SCV  
  136  10:18  Command Center  
  136  10:19  Barracks  
  136  10:21  Barracks  
  136  10:25  Barracks  
  136  10:27  Supply Depot  
  136  10:28  Supply Depot  
  136  10:29  Ghost x2  
  135  10:48  Missile Turret  
  132  10:54  Missile Turret  
  130  11:04  Ghost x3  
  129  11:05  Marine x4  
  129  11:08  Missile Turret  
  129  11:09  Barracks Tech Lab  
  139  11:11  SCV  
  139  11:12  Missile Turret, SCV  
  139  11:13  Missile Turret  
  141  11:22  SCV  
  141  11:23  SCV  
  141  11:24  SCV  
  143  11:34  SCV  
  143  11:36  SCV x2  
  146  11:44  SCV  
  146  11:46  Ghost x2, SCV  
  152  11:57  Bunker  
  152  11:59  SCV  
  153  12:02  Supply Depot  
  153  12:07  Barracks Tech Lab  
  153  12:08  Marauder, Barracks Tech Lab  
  155  12:11  Personal Cloaking  
  155  12:35  SCV x3  
  158  12:40  Missile Turret  
  158  12:43  Missile Turret  
  158  12:45  Planetary Fortress, Bunker  
  158  12:47  SCV x2  
  158  12:48  SCV  
  161  12:53  Ghost x2  
  161  12:54  Ghost, Marine  
  168  12:59  SCV x2  
  101  13:42  Marauder x2, Marine x3  
  94  13:54  Viking x2  
  94  13:55  Marauder x2, Marine x2  
  101  14:02  Marine x4  
  104  14:03  Marine  
  102  14:13  Marine  
  102  14:14  Marine x2  
  102  14:16  Marine x2  
  100  14:20  Marine  
  100  14:29  Marauder x2, Marine x2  
  103  14:31  Marine x2  
  103  14:32  SCV x3  
  108  14:46  Medivac x2  
  108  14:47  Marauder, Marine x2  
  108  14:48  Marauder, Marine x2  
  108  14:49  Marine  
  108  14:51  SCV x3  
  124  14:59  Marine  
  124  15:00  Marine x2  
  127  15:07  Command Center  
  127  15:12  Command Center  
  127  15:13  Marauder  
  127  15:14  Marine x3  
  128  15:17  Marauder x2  
  128  15:18  Viking x2  
  128  15:20  Marauder x2  
  140  15:23  SCV x2  
  140  15:24  SCV  
  145  15:35  SCV x2, Marine x2  
  145  15:36  Marine, Marauder, SCV  
  151  15:44  Marauder, Marine x2  
  155  15:59  Medivac x2  
Show
View Real Time Build Order
Export as new Build Order

Bufalusking Protoss - Winner!

Build Orders: Oracle Opening, Phoenix Opening 

Get SALT Encoding   

  12  0:00  Probe  
  13  0:12  Probe  
  14  0:17  Pylon  
  14  0:26  Probe  
  15  0:37  Gateway  
  15  0:38  Probe  
  16  0:44  Assimilator  
  16  0:56  Probe  
  17  1:11  Probe  
  17  1:15  Pylon  
  17  1:17  Assimilator  
  18  1:23  Probe  
  18  1:24  Cybernetics Core  
  19  1:36  Probe  
  20  1:46  Gateway  
  20  1:48  Probe  
  21  2:08  Nexus, Warp Gate (Chrono Boost)  
  20  2:21  Stargate  
  20  2:25  Adept (Chrono Boost)  
  22  2:44  Probe  
  23  2:54  Adept  
  23  2:56  Probe  
  26  2:59  Gateway  
  26  3:06  Oracle (Chrono Boost)  
  29  3:21  Gateway  
  29  3:29  Twilight Council  
  29  3:51  Probe (Chrono Boost)  
  29  3:53  Phoenix (Chrono Boost)  
  33  3:56  Probe (Chrono Boost)  
  33  4:01  Probe (Chrono Boost)  
  33  4:02  Pylon  
  34  4:07  Pylon  
  34  4:18  Charge (Chrono Boost)  
  34  4:20  Probe x2  
  36  4:29  Gateway  
  36  4:38  Phoenix  
  36  5:01  Probe x2  
  38  5:13  Probe x2  
  40  5:23  Gateway  
  40  5:24  Templar Archives, Gateway  
  40  5:25  Probe x2  
  40  5:28  Gateway  
  42  5:37  Probe (Chrono Boost), Phoenix  
  42  5:40  Probe (Chrono Boost)  
  46  5:49  Probe (Chrono Boost)  
  48  5:50  Pylon, Probe (Chrono Boost)  
  48  5:53  Probe (Chrono Boost)  
  49  5:58  Probe  
  49  6:03  Probe  
  49  6:09  Zealot x5  
  59  6:14  Psionic Storm  
  57  6:24  Zealot x2  
  57  6:25  Zealot  
  61  6:33  Assimilator, Zealot  
  61  6:35  Assimilator  
  61  6:36  High Templar  
  65  7:05  High Templar  
  65  7:06  Zealot, Nexus  
  65  7:07  Pylon  
  69  7:13  Pylon  
  69  7:15  Pylon  
  69  7:19  Forge  
  69  7:20  Forge  
  69  7:33  Probe x2  
  69  7:36  Phoenix  
  73  7:45  Probe  
  74  8:00  Probe  
  74  8:01  Probe  
  74  8:02  High Templar x2  
  74  8:03  Zealot x5  
  74  8:04  Zealot  
  92  8:09  Protoss Ground Weapons Level 1 (Chrono Boost), Protoss Ground Armor Level 1 (Chrono Boost)  
  92  8:10  Phoenix  
  94  8:18  Probe  
  94  8:19  Probe x2  
  97  8:27  Stalker x3  
  97  8:31  Probe  
  104  8:39  Probe x2  
  106  8:42  Dark Shrine  
  106  8:50  Robotics Facility  
  106  8:56  Robotics Facility  
  106  9:00  Pylon  
  106  9:01  Probe x3  
  109  9:04  Pylon  
  109  9:05  Assimilator  
  109  9:17  Pylon  
  109  9:18  Probe x2  
  109  9:22  Pylon  
  109  9:23  Pylon  
  111  9:25  Pylon  
  111  9:28  Pylon  
  111  9:50  Void Ray (Chrono Boost)  
  111  9:52  Probe x2  
  117  10:01  Dark Templar x2  
  117  10:02  Dark Templar  
  117  10:04  Nexus  
  117  10:05  Pylon  
  123  10:15  Pylon  
  123  10:17  Pylon  
  123  10:19  Stargate  
  123  10:20  Void Ray  
  123  10:27  Cybernetics Core  
  127  10:33  Protoss Air Weapons Level 1 (Chrono Boost)  
  125  11:11  Probe x3  
  126  11:15  Void Ray x2 (Chrono Boost), Photon Cannon  
  126  11:17  Photon Cannon  
  128  11:19  Photon Cannon  
  128  11:20  Protoss Ground Weapons Level 2 (Chrono Boost)  
  128  11:21  Pylon, Protoss Ground Armor Level 2 (Chrono Boost)  
  128  11:22  Photon Cannon  
  128  11:24  Photon Cannon  
  136  11:25  Shield Battery  
  136  11:28  Shield Battery  
  136  11:38  Protoss Air Armor Level 1 (Chrono Boost)  
  136  11:47  Pylon  
  136  11:53  Assimilator  
  136  11:57  Void Ray  
  136  11:58  Pylon, Void Ray  
  136  12:02  Photon Cannon  
  136  12:05  Photon Cannon  
  136  12:07  Photon Cannon  
  144  12:13  Fleet Beacon  
  144  12:18  Gateway  
  144  12:21  Gateway  
  144  12:23  Gateway  
  144  12:25  Gateway, Warp Prism (Chrono Boost)  
  144  12:27  Observer (Chrono Boost)  
  144  12:28  Robotics Bay  
  147  12:41  Assimilator  
  147  12:46  Assimilator, Photon Cannon  
  147  12:48  Zealot  
  147  12:50  Probe x2, Photon Cannon  
  147  12:51  Probe x2  
  153  13:02  Probe  
  154  13:08  Zealot x3  
  154  13:09  Zealot x2  
  154  13:10  Zealot x2  
  166  13:19  Zealot x4  
  137  13:30  Zealot x3  
  137  13:31  Zealot x2  
  129  13:36  Archon x3  
  129  13:37  Zealot x3  
  109  13:47  Zealot x2  
  109  13:48  Zealot x2  
  110  13:51  Colossus x2 (Chrono Boost)  
  110  13:53  Void Ray x2 (Chrono Boost)  
  110  13:54  Extended Thermal Lance (Chrono Boost)  
  106  14:28  Void Ray x2  
  104  14:35  Probe x4  
  104  14:37  Assimilator  
  104  14:38  Zealot x6  
  122  14:39  Pylon, Zealot x2  
  128  14:47  Probe x2, Immortal (Chrono Boost)  
  128  14:49  Observer (Chrono Boost)  
  128  14:52  High Templar  
  137  14:59  Probe  
  136  15:20  Zealot  
  136  15:21  Zealot x5  
  142  15:22  Zealot x5  
  158  15:42  Zealot x3  
  164  15:43  Zealot x4  
  164  15:44  Zealot x5  
  152  16:20  Zealot x4  
  152  16:21  Zealot x4  
  152  16:22  Zealot x3  
  152  16:23  Zealot  
Tags
 
Add a new tag
Caveats
  • Supply blocks, unpowered buildings, or Contaminate may cause inaccurate times.
  • Supply counts are checked every 10 seconds.